 Dungeon Crawl Stone Soup version 0.29-a0-297-g7659ce593d (webtiles) character file.

Game seed: 2407970818605891371

9 Dabor the Vexing (level 2, -1/21 HPs)
             Began as a Barachi Arcane Marksman on Mar 21, 2022.
             Slain by a hobgoblin
             ... wielding a +0 mace
              (3 damage)
             ... on level 1 of the Dungeon.
             The game lasted 00:00:29 (341 turns).

Dabor the Vexing (Barachi Arcane Marksman)           Turns: 341, Time: 00:00:30

Health: -1/21      AC:  2    Str: 11    XL:     2   Next: 12%
Magic:  1/4        EV: 12    Int: 13    God:
Gold:   39         SH:  0    Dex: 12    Spells: 2/3 levels left

rFire   . . .      SeeInvis .   a - +0 shortbow
rCold   . . .      Faith    .   (shield currently unavailable)
rNeg    . . .      Spirit   .   b - +0 robe
rPois   .          Reflect  .   (no helmet)
rElec   .          Harm     .   (no cloak)
rCorr   .          Rampage  .   (no gloves)
Will    .....                   (no boots)
Stlth   +.........              (no amulet)
HPRegen 0.07/turn               (no ring)
MPRegen 0.09/turn               (no ring)

@: slow
A: amphibious, slowness 1, strong legs 1, +LOS
a: Hop


You were on level 1 of the Dungeon.
You visited 1 branch of the dungeon, and saw 1 of its levels.

You collected 39 gold pieces.

Inventory:

Hand Weapons
 a - a +0 shortbow (weapon)
Armour
 b - a +0 robe (worn)
Scrolls
 c - a scroll of vulnerability
 d - a scroll of teleportation {unknown}
 e - a scroll of identify {unknown}
 f - a scroll of summoning {unknown}


   Skills:
 + Level 1.5 Fighting
 + Level 2.1 Bows
 + Level 2.3 Dodging
 + Level 1.3 Spellcasting
 + Level 3.4 Hexes


You had 2 spell levels left.
You knew the following spells:

 Your Spells              Type           Power      Damage    Failure   Level
a - Slow                  Hex            36%        N/A       7%          1

Your spell library contained the following spells:

 Spells                   Type           Power      Damage    Failure   Level
 Inner Flame              Hex/Fire       5%         N/A       38%         3
 Portal Projectile        Hex/Tloc       10%        N/A       38%         3
 Cause Fear               Hex            4%         N/A       54%         4


Dungeon Overview and Level Annotations

Branches:
Dungeon (1/15)

Altars:


Innate Abilities, Weirdness & Mutations

You are amphibious.
You cover ground slowly.
You can hop short distances.
You have an extended range of vision and can be seen from far away.


Message History

Aim: a giant cockroach (heavily wounded, slow, 57% to hit)
You aren't carrying any items that you can evoke.
You are too injured to fight recklessly!
Okay, then.
Aiming: Slow (safe; 7% risk of failure)
Press: ? - help, Q - select action, (/) - cycle Shift-Dir - straight line, f/p - giant cockroach
Aim: a giant cockroach (heavily wounded, slow, chance to affect: 64%)
Okay, then.
You aren't carrying any items that you can evoke.
Shoot: a) +0 shortbow
Press: ? - help, Shift-Dir - straight line, f/p - giant cockroach
Aim: a giant cockroach (heavily wounded, slow, 57% to hit)
You shoot an arrow. The arrow hits the giant cockroach.
The giant cockroach is severely wounded.
The giant cockroach bites you.
Shoot: a) +0 shortbow
Press: ? - help, Shift-Dir - straight line, f/p - giant cockroach
Aim: a giant cockroach (severely wounded, slow, 57% to hit)
You shoot an arrow.
The arrow completely misses the giant cockroach.
The giant cockroach bites you.
Shoot: a) +0 shortbow
Press: ? - help, Shift-Dir - straight line, f/p - giant cockroach
Aim: a giant cockroach (severely wounded, slow, 57% to hit)
You shoot an arrow. The arrow hits the giant cockroach.
You kill the giant cockroach!
Shoot: a) +0 shortbow
Press: ? - help, Shift-Dir - straight line, f - hobgoblin
Aim: a hobgoblin, wielding a +0 mace (57% to hit)
You shoot an arrow.
The arrow completely misses the hobgoblin.
The hobgoblin hits you with a +0 mace!
* * * LOW HITPOINT WARNING * * *
Shoot: a) +0 shortbow
Press: ? - help, Shift-Dir - straight line, f/p - hobgoblin
Aim: a hobgoblin, wielding a +0 mace (57% to hit)
You shoot an arrow.
The arrow hits the hobgoblin but does no damage.
The hobgoblin hits you with a +0 mace.
You die...

. ... #) #########..
##.##+#########..........
#........................
#.......####.............
#.....................[..
#........#####...........
#........# #...........
#######.@# #...........
#..g.# #.........##
##.#$..#.+###+####
#.#?#.#.+ ..# # #.. ...
... ... .... ....


You could see a hobgoblin.

Vanquished Creatures
  A dart slug (D:1)
  2 endoplasms (D:1)
  A giant cockroach (D:1)
  A jackal (D:1)
  A ball python (D:1)
6 creatures vanquished.

Notes
Turn   | Place    | Note
-------+----------+-------------------------------------------
     0 | D:1      | Dabor the Barachi Arcane Marksman began the quest for the
                  | Orb.
     0 | D:1      | Reached XP level 1. HP: 15/15 MP: 2/2
   331 | D:1      | Reached XP level 2. HP: 17/21 MP: 3/3
   341 | D:1      | Slain by a hobgoblin

Illustrated notes

Levels and vault maps discovered:
D:1:      heliophobic_arrival_battle_scene, layout_basic, minmay_split_cup_large

Action                   || total
-------------------------++-------
 Fire: Shortbow          ||    21
 Cast: Slow              ||     2
Armor: Robe              ||     2
Dodge: Dodged            ||     3

Table legend: (Time is in decaauts)
 A = Elapsed time spent in this place.
 B = Non-inter-level travel time spent in this place.
 C = Inter-level travel time spent in this place.
 D = Time resting spent in this place.
 E = Time spent auto-exploring this place.
 F = Levels seen in this place.
 G = Mean time per level.
                   A        B        C        D        E       F      G
               +--------+--------+--------+--------+--------+-----+--------+
         Total |    399 |    399 |      0 |      0 |    354 |   1 |  399.0 |
       Dungeon |    399 |    399 |      0 |      0 |    354 |   1 |  399.0 |
               +--------+--------+--------+--------+--------+-----+--------+

Top non-repeatable levels by time:
     D:1: 399 daAuts
